 Dungeon Crawl Stone Soup version 0.20-a0-1062-g7b787ac (webtiles) character file.

178 mkm the Cudgeler (level 5, -8/47 HPs)
             Began as a Minotaur Berserker on Apr 27, 2017.
             Was a Believer of Trog.
             Mangled by an iguana (11 damage)
             ... on level 3 of the Dungeon.
             The game lasted 00:04:43 (1433 turns).

mkm the Cudgeler (Minotaur Berserker)               Turns: 1433, Time: 00:04:43

Health: -8/47      AC:  5    Str: 23    XL:     5   Next: 32%
Magic:  4/4        EV: 11    Int:  4    God:    Trog [**....]
Gold:   116        SH:  0    Dex:  9    Spells: 4/4 levels left

rFire    . . .     SeeInvis .   a - +0 mace
rCold    . . .     Gourm    .   (no shield)
rNeg     . . .     Faith    .   d - +0 ring mail
rPois    .         Spirit   .   (helmet restricted)
rElec    .         Reflect  .   (no cloak)
rCorr    .         Harm     .   (no gloves)
MR       .....     Rnd*Tele +   (no boots)
Stlth    ..........             (no amulet)
Regen    0.2/turn               (no ring)
MPRegen  0.1/turn               (no ring)

@: no status effects
A: retaliatory headbutt, horns 2, teleportitis 1, wild magic 1
a: Berserk, Trog's Hand, Burn Spellbooks, Renounce Religion


You were on level 3 of the Dungeon.
You worshipped Trog.
Trog was pleased with you.
You were not hungry.

You visited 1 branch of the dungeon, and saw 3 of its levels.

You collected 116 gold pieces.

Inventory:

Hand Weapons
 a - a +0 mace (weapon)
Armour
 d - a +0 ring mail (worn)
Wands
 i - a wand of polymorph (8/24)
Scrolls
 b - a scroll of random uselessness {unknown}
 e - a scroll of noise {unknown}
 g - a scroll of remove curse {unknown}
 h - a scroll of immolation {unknown}
 j - a scroll of teleportation {unknown}
 k - 3 scrolls of identify {unknown}
Comestibles
 c - a bread ration
 f - a meat ration
 l - a royal jelly


   Skills:
 + Level 4.9 Fighting
 + Level 5.5 Maces & Flails
 + Level 3.7 Armour
 + Level 2.6 Dodging


You had 4 spell levels left.
You didn't know any spells.

Dungeon Overview and Level Annotations

Branches:
Dungeon (3/15)

Altars:
Cheibriados
Sif Muna


Innate Abilities, Weirdness & Mutations

You reflexively headbutt those who attack you in melee.
You have a pair of horns on your head.
You are occasionally teleported next to monsters.
Your spells are a little harder to cast, but a little more powerful.


Message History

The iguana bites you!
You completely miss the iguana.
The iguana is severely wounded.
The iguana bites you!
* * * LOW HITPOINT WARNING * * *
You hit the iguana.
The iguana is almost dead.
The iguana bites you.
* * * LOW HITPOINT WARNING * * *
You closely miss the iguana.
The iguana is almost dead.
The iguana barely misses you.
You hit the iguana but do no damage.
The iguana is almost dead.
The iguana bites you!
* * * LOW HITPOINT WARNING * * *
You hit the iguana but do no damage. Your headbutt misses the iguana.
The iguana is almost dead.
The iguana barely misses you. The iguana bites you!
You die...

###.(..........# #.#
........##.##..####.###
###)..(.#.###..........
##.###.## #..#.#####.
#..#.#####..#.# ##
#.#.#.........# .#
#.###.#.<...#.# .# #.#
#.#.##.##.#####.# .#
#.# #.#.##.##@l.....#
.#
#.###.#.##.#####.####
)###..........# #
........)..##.#
.########.###.# .# #.#
#.# .. #.# #.# ### #.#
#.. #.# ###


You could see an iguana.

Vanquished Creatures
  The ghost of Galewind the Conjurer, an amateur DECj (D:3)
  An orc wizard (D:3)
  Robin (D:2)
  An ooze (D:1)
  A worm (D:2)
  2 dart slugs
  2 leopard geckos
  5 orcs (D:3)
  3 giant cockroaches
  8 goblins (D:2)
  7 hobgoblins
  2 jackals (D:1)
  4 kobolds
  6 bats
  7 frilled lizards
  A jackal zombie (D:3)
  5 rats (D:2)
57 creatures vanquished.

Notes
Turn   | Place    | Note
-------+----------+-------------------------------------------
     0 | D:1      | mkm the Minotaur Berserker began the quest for the Orb.
     0 | D:1      | Reached XP level 1. HP: 19/19 MP: 0/0
   296 | D:1      | Reached XP level 2. HP: 26/27 MP: 1/1
   431 | D:1      | Reached skill level 4 in Maces & Flails
   672 | D:2      | Gained mutation: You are occasionally teleported next to monsters. [potion of mutation]
   672 | D:2      | Gained mutation: Your spells are a little harder to cast, but a little more powerful. [potion of mutation]
   727 | D:2      | Reached XP level 3. HP: 32/33 MP: 2/2
   799 | D:2      | Noticed Robin
   810 | D:2      | Killed Robin
   862 | D:2      | Reached ** piety under Trog
   928 | D:2      | Reached XP level 4. HP: 34/41 MP: 3/3
  1066 | D:3      | Noticed Galewind's ghost (amateur DECj)
  1074 | D:3      | Killed Galewind's ghost
  1074 | D:3      | Reached skill level 5 in Maces & Flails
  1074 | D:3      | Reached XP level 5. HP: 32/47 MP: 4/4
  1088 | D:3      | Found a snail-covered altar of Cheibriados.
  1261 | D:3      | Found a deep blue altar of Sif Muna.
  1432 | D:3      | HP: 2/47 [iguana (8)]
  1433 | D:3      | Mangled by an iguana

Vault maps used:
D:1:      tarquinn_simple_flora_water_e, nrook_mini_backslash
D:2:      minmay_misc_feat_nine_boxes, uniq_robin
D:3:      cheibriados_altar_1, lemuel_coloured_pillars_altar,
          lemuel_blue_sif_altar

Skill      XL: |  1  2  3  4 |
---------------+-------------+-----
Fighting       | 4 |  4.9
Maces & Flails | 4 5 |  5.5
Armour         | 3 |  3.7
Dodging        | |  2.6

Action                   |  1- 3 |  4- 6 || total
-------------------------+-------+-------++-------
Melee: Mace              |    63 |    51 ||   114
       Headbutt          |    10 |     7 ||    17
Invok: Berserk           |       |     1 ||     1
  Use: Potion            |     3 |       ||     3
  Eat: Bread ration      |       |     1 ||     1
Armor: Ring mail         |    27 |    11 ||    38
       Animal skin       |     1 |       ||     1
Dodge: Dodged            |    45 |    23 ||    68
